 Dungeon Crawl Stone Soup version 0.24-a0-493-g7e4ddcd485 (webtiles) character file.

Game seed: 12940419103431415172

254508 ivs the Bludgeoner (level 19, -6/98 HPs)
             Began as a Vine Stalker Abyssal Knight on July 11, 2019.
             Was the Champion of Lugonu.
             Mangled by the Royal Jelly (illusionary) (9 damage)
             ... mirrored by the player character
             ... on level 5 of the Pits of Slime on July 12, 2019.
             The game lasted 05:10:17 (22452 turns).

ivs the Bludgeoner (Vine Stalker Abyssal Knight)   Turns: 22452, Time: 05:10:18

Health: -6/98      AC: 22    Str: 26    XL:     19   Next: 75%
Magic:  0/37       EV: 24    Int: 12    God:    Lugonu [******]
Gold:   914        SH:  0    Dex: 24    Spells: 17/18 levels left

rFire    + + +     SeeInvis +   a - +8 great mace (drain)
rCold    + + .     Gourm    .   (shield currently unavailable)
rNeg     + . .     Faith    .   G - +2 pearl dragon scales
rPois    +         Spirit   +   Z - +2 helmet
rElec    +         Reflect  .   n - +2 cloak {+Inv}
rCorr    +         Harm     .   D - +2 pair of gloves {Dex+3}
MR       +++..                  t - +1 pair of boots of the Trout {rPois Slay+2}
Stlth    ..........             A - amulet "Ivigup" {RegenMP rC+ MP+9 Stlth-}
HPRegen  1.06/turn              V - ring of Mekkav {rPois rF+ rCorr}
MPRegen  0.50/turn              F - ring "Foqitik" {rF+ MR+ SInv}

@: confused, mighty, agile, resistant, corroded
A: fangs 3, regeneration 2, magic shield, antimagic bite, no potion heal 3, rot
immunity
}: 2/15 runes: decaying, gossamer
a: Depart the Abyss, Bend Space, Banish, Corrupt, Enter the Abyss, Renounce
Religion, Evoke Invisibility


You were on level 5 of the Pits of Slime.
You worshipped Lugonu.
Lugonu was exalted by your worship.
You were not hungry.

You visited 7 branches of the dungeon, and saw 39 of its levels.
You visited the Abyss 1 time.
You also visited: Sewer, Gauntlet and Ice Cave.

You collected 3178 gold pieces.
You spent 2264 gold pieces at shops.

Inventory:

Hand Weapons
 a - a +8 great mace of draining (weapon)
 v - the +9 rapier "Kuluec" {chaos, rElec rPois Int+2 Dex-3}
   (You found it on level 14 of the Dungeon)

   Each time it hits an enemy it has a different, random effect.
   It affects your intelligence (+2).
   It affects your dexterity (-3).
   It insulates you from electricity.
   It protects you from poison.
Missiles
 i - 8 silver boomerangs
 r - 37 poisoned darts (quivered)
 R - 2 curare-tipped darts
Armour
 h - a +0 crystal plate armour of cold resistance
 n - a +2 cloak of invisibility (worn)
 t - the +1 pair of boots of the Trout (worn) {rPois Slay+2}
   (You found it in an ice cave)

   It affects your accuracy and damage with ranged weapons and melee attacks
   (+2).
   It protects you from poison.
 D - a +2 pair of gloves of dexterity (worn)
 G - +2 pearl dragon scales (worn)
 Z - a +2 helmet (worn)
Jewellery
 A - the amulet "Ivigup" (around neck) {RegenMP rC+ MP+9 Stlth-}
   (You found it in a Gauntlet)

   [amulet of magic regeneration]

   It increases your magic regeneration.
   It protects you from cold.
   It affects your magic capacity (+9).
   It makes you less stealthy.
 C - an uncursed ring of protection from cold
 F - the ring "Foqitik" (right hand) {rF+ MR+ SInv}
   (You bought it in a shop on level 14 of the Dungeon)

   [ring of see invisible]

   It protects you from fire.
   It affects your resistance to hostile enchantments.
   It lets you see invisible.
 L - an uncursed ring of flight
 M - an uncursed ring of protection from magic
 N - an uncursed ring of positive energy
 P - a +3 ring of protection
 T - an uncursed ring of teleportation
 V - the ring of Mekkav (left hand) {rPois rF+ rCorr}
   (You found it in a Gauntlet)

   [ring of resist corrosion]

   It protects you from fire.
   It protects you from poison.
   It provides partial protection from all sources of acid and corrosion.
 X - an uncursed ring of protection from fire
Wands
 l - a wand of digging (8)
 p - a wand of paralysis (18)
 y - a wand of disintegration (36)
 H - a wand of enslavement (37)
Scrolls
 b - a scroll of fear
 m - 7 scrolls of remove curse
 q - 2 scrolls of immolation
 u - 7 scrolls of identify
 x - 2 scrolls of fog
 I - a scroll of magic mapping
 K - 3 scrolls of teleportation
 O - 2 scrolls of blinking
 Q - 2 scrolls of vulnerability
Potions
 d - 2 potions of magic
 f - a potion of berserk rage
 g - 6 potions of flight
 j - 2 potions of brilliance
 o - 2 potions of mutation
 s - 4 potions of curing
 w - 3 potions of resistance
 z - a potion of invisibility
 E - a potion of might
 J - a potion of haste
 Y - a potion of lignification
Miscellaneous
 B - a lightning rod (4/4)
 U - a fan of gales
Comestibles
 c - 34 rations


   Skills:
 - Level 10.3 Fighting
 - Level 20.6 Maces & Flails
 - Level 6.1 Throwing
 - Level 12.0 Armour
 + Level 10.5 Dodging
   Level 4.2 Shields
 - Level 11.1 Invocations
 - Level 6.0 Evocations


You had 17 spell levels left.
You knew the following spells:

 Your Spells              Type           Power        Failure   Level  Hunger
a - Apportation           Tloc           #.....       58%         1    ##.....

Your spell library contained the following spells:

 Spells                   Type           Power        Failure   Level  Hunger
 Animate Skeleton         Necr           N/A          58%         1    ##.....
 Confusing Touch          Hex            #.....       58%         1    ##.....
 Corona                   Hex            #......      58%         1    ##.....
 Sandblast                Erth           #.....       58%         1    ##.....
 Summon Small Mammal      Summ           #...         58%         1    ##.....
 Corpse Rot               Necr           N/A          73%         2    ###....
 Passwall                 Tmut/Erth      #.......     73%         2    ###....
 Poisonous Vapours        Pois/Air       #.....       73%         2    ###....
 Slow                     Hex            #.......     73%         2    ###....
 Sublimation of Blood     Necr           #.........   73%         2    ###....
 Conjure Flame            Conj/Fire      #.......     91%         3    ####...
 Gell's Gravitas          Tloc           #.........   91%         3    ####...
 Inner Flame              Hex/Fire       #.......     91%         3    ####...
 Lesser Beckoning         Tloc           #.........   91%         3    ####...
 Mephitic Cloud           Conj/Pois/Air  #.......     91%         3    ####...
 Portal Projectile        Hex/Tloc       #.....       91%         3    ####...
 Stone Arrow              Conj/Erth      #.....       91%         3    ####...
 Airstrike                Air            #.........   100%        4    #####..
 Cause Fear               Hex            #.........   100%        4    #####..
 Force Lance              Conj/Tloc      #.......     100%        4    #####..
 Ice Form                 Ice/Tmut       #.......     100%        4    #####..
 Leda's Liquefaction      Hex/Erth       #.........   100%        4    #####..
 Petrify                  Tmut/Erth      #.......     100%        4    #####..
 Summon Lightning Spire   Summ/Air       #.......     100%        4    #####..
 Agony                    Necr           #.......     100%        5    ######.
 Bolt of Draining         Conj/Necr      #.........   100%        5    ######.
 Bolt of Magma            Conj/Fire/Erth #.........   100%        5    ######.
 Dispel Undead            Necr           #.......     100%        5    ######.
 Excruciating Wounds      Chrm/Necr      #.........   100%        5    ######.
 Irradiate                Conj/Tmut      #.........   100%        5    ######.
 Iskenderun's Battlesphe  Conj/Chrm      #.......     100%        5    ######.
 Lee's Rapid Deconstruct  Erth           #.........   100%        5    ######.
 Lightning Bolt           Conj/Air       #.........   100%        5    ######.
 Metabolic Englaciation   Hex/Ice        #.........   100%        5    ######.
 Silence                  Hex/Air        #.........   100%        5    ######.
 Summon Forest            Summ/Tloc      #.........   100%        5    ######.
 Venom Bolt               Conj/Pois      #.........   100%        5    ######.
 Bolt of Cold             Conj/Ice       #.........   100%        6    #######
 Conjure Ball Lightning   Conj/Air       #.........   100%        6    #######
 Deflect Missiles         Chrm/Air       #.........   100%        6    #######
 Dispersal                Tloc           #.........   100%        6    #######
 Freezing Cloud           Conj/Ice/Air   #.........   100%        6    #######
 Hydra Form               Tmut           #.........   100%        6    #######
 Iron Shot                Conj/Erth      #.........   100%        6    #######
 Ozocubu's Refrigeration  Ice            #.........   100%        6    #######
 Poison Arrow             Conj/Pois      #.........   100%        6    #######
 Simulacrum               Ice/Necr       #.........   100%        6    #######
 Statue Form              Tmut/Erth      #........    100%        6    #######
 Dragon Form              Tmut           #.........   100%        7    #######
 Malign Gateway           Summ/Tloc      #.........   100%        7    #######
 Orb of Destruction       Conj           #.........   100%        7    #######
 Ring of Flames           Chrm/Fire      #.........   100%        7    #######
 Spellforged Servitor     Conj/Summ      #.........   100%        7    #######
 Chain Lightning          Conj/Air       #.........   100%        8    #######
 Controlled Blink         Tloc           N/A          100%        8    #######
 Disjunction              Tloc           #.........   100%        8    #######
 Lehudib's Crystal Spear  Conj/Erth      #.........   100%        8    #######
 Fire Storm               Conj/Fire      #.........   100%        9    #######
 Glaciate                 Conj/Ice       #.........   100%        9    #######
 Tornado                  Air            #.........   100%        9    #######


Dungeon Overview and Level Annotations

Branches:
Dungeon (15/15)              Lair (6/6) D:8           Swamp (4/4) Lair:2
 Spider (4/4) Lair:2        Slime (5/5) Lair:5          Orc (2/2) D:10
    Elf (3/3) Orc:2        Vaults (0/5) D:13
 Temple: D:4-7       Depths: D:15

Altars:
Ashenzari
Kikubaaqudgha
Makhleb
Qazlal
Vehumet
Xom
Beogh
Jiyva

Shops:
D:12 (   D:14 :=   Orc:1 :%*%   Orc:2 ([:([   Elf:2 :

Annotations:
D:4 Sigmund
D:5 Eustachio
Swamp:3 exclusion: Roxanne, Roxanne
Slime:5 Royal Jelly
Elf:3 corrupted


Innate Abilities, Weirdness & Mutations

You have razor-sharp teeth.
You heal very quickly.
When hurt, damage is shared between your health and your magic reserves.
Your bite disrupts and absorbs the magic of your enemies.
Potions cannot restore your health.
You are immune to rotting.


Message History

You are splashed with acid.
You resist.
* * * LOW HITPOINT WARNING * * *
The death ooze is engulfed in blazing flames.
The death ooze explodes!
The fiery explosion engulfs the death ooze!!
The death ooze explodes!
You are confused.
Your system rejects the healing.
You feel invigorated.
You are engulfed in blazing flames.
You resist.
* * * LOW HITPOINT WARNING * * *
The death ooze is engulfed in blazing flames.
The death ooze completely misses you. The death ooze barely misses you.
The acid blob is engulfed in blazing flames.
The Royal Jelly is engulfed in blazing flames.
The Royal Jelly hits you!!
* * * LOW HITPOINT WARNING * * *
You are splashed with acid.
You resist.
* * * LOW HITPOINT WARNING * * *
The Royal Jelly hits you!
You die...

.......................<..#.
............................
............................
............................
............................
.........§§§§...............
......#..#§§##.#............
......#####§####............
....# #J@# ###..........
.... #J## #.......... ..#
#§. ###........ .# ##J#
#........ ##JJ## #........
#)#J##}# ##.......
####JJ#### ........
J#........#. ##.......
........


You could see the Royal Jelly, 2 acid blobs, a slime creature and 2 death oozes.

Vanquished Creatures
  Saint Roka (Orc:2)
  Arachne (Spider:3)
  2 Ice Fiends (IceCv)
  Asterion (Elf:3)
  A deep elf blademaster (Elf:3)
  A deep elf master archer (Elf:3)
  9 acid blobs
  Gastronok (D:8)
  Frances (Swamp:2)
  3 thorn hunters
  Kirke (Swamp:2)
  2 azure jellies (Slime:4)
  5 ghost moths (Spider:4)
  A deep elf sorcerer (Elf:3)
  2 emperor scorpions (Spider:4)
  3 very ugly things (Swamp:3)
  3 deep elf elementalists (Elf:3)
  An entropy weaver (Spider:4)
  A deep elf demonologist (Elf:2)
  5 deep elf annihilators (Elf:3)
  A minotaur (Gauntlet)
  4 death oozes
  An ettin (Orc:2)
  A fire dragon (Lair:6)
  10 deep elf death magi (Elf:3)
  A deep elf high priest (Elf:3)
  A great orb of eyes (Slime:4)
  19 hydras
  5 shambling mangroves
  7 vault guards (D:13)
  A death knight (D:14)
  A centaur warrior (D:14)
  6 two-headed ogres
  2 dancing weapons (Elf:3)
  3 alligators
  A ghost crab (Swamp:1)
  2 orc high priests
  2 ogre magi (D:15)
  A small abomination (Elf:3)
  6 deep elf knights
  2 unseen horrors
  4 spriggan druids
  10 swamp dragons
  4 lindwurms
  8 deep elf archers
  A wolf spider zombie (D:14)
  2 orc knights
  29 orb spiders
  27 wolf spiders
  5 orc sorcerers
  A manticore (D:14)
  An orb spider (shapeshifter) (Elf:1)
  31 deep elf magi
  12 ugly things
  2 shining eyes
  4 black mambas (Lair:6)
  3 moths of wrath (Spider:4)
  2 ice statues (IceCv)
  2 centaur zombies
  2 molten gargoyles (Lair:6)
  2 torpor snails (Spider:4)
  15 spiny frogs
  An efreet (D:12)
  5 komodo dragons
  2 freezing wraiths (Spider:3)
  13 ice devils (IceCv)
  A redback zombie (D:15)
  10 demonic crawlers
  A jumping spider (shapeshifter) (Gauntlet)
  12 tyrant leeches
  5 trolls
  45 jumping spiders
  A wind drake (shapeshifter) (Gauntlet)
  A troll (shapeshifter) (D:12)
  13 hornets
  45 slime creatures
  7 dream sheep (Lair:5)
  4 bog bodies
  6 hippogriffs
  12 blink frogs
  A spectral black mamba (Gauntlet)
  2 shadows
  27 tarantellas
  6 spriggans
  An air elemental (Elf:1)
  2 water elementals
  68 redbacks
  A vampire (D:9)
  2 fire elementals
  A wraith (D:15)
  Grum (D:11)
  4 wyverns
  2 hogs (Swamp:2)
  29 yaks
  12 vampire mosquitoes
  Menkaure (D:4)
  2 steam dragons (Lair:6)
  4 basilisks
  14 swamp worms
  An acid dragon (D:15)
  7 wargs
  3 hell hounds (Lair:6)
  3 porcupines
  8 water moccasins
  28 orc warriors
  An ice beast (D:8)
  7 swamp drakes
  2 phantoms
  3 eyes of draining
  9 ogres
  2 necrophages
  14 wolves
  22 centaurs
  11 crocodiles
  A big kobold (D:10)
  16 bullfrogs
  2 gnoll sergeants
  3 earth elementals
  3 wyvern skeletons
  4 scorpions
  6 killer bees (D:10)
  10 wights
  2 electric eels (Spider:1)
  A bullfrog zombie (D:11)
  A howler monkey (D:4)
  4 crimson imps
  2 quasits
  9 hounds
  5 lava snakes (Lair:6)
  4 jellies
  3 bullfrog skeletons
  16 orc priests
  3 centaur skeletons
  2 iguanas
  21 orc wizards
  13 worker ants
  A hound zombie (D:10)
  A worker ant zombie (D:7)
  7 gnolls
  14 adders
  3 shadow imps
  8 white imps (IceCv)
  5 ufetubi (IceCv)
  2 oozes (D:3)
  An adder zombie (D:5)
  An adder skeleton (D:8)
  6 worms
  A dart slug (D:3)
  7 leopard geckos
  78 orcs
  5 ball pythons
  4 bats
  3 giant cockroaches
  8 hobgoblins
  6 jackals
  A quokka (D:8)
  7 frilled lizards
  8 goblins
  9 kobolds
  A leopard gecko skeleton (D:8)
  9 rats
  A briar patch (Swamp:2)
1102 creatures vanquished.

Vanquished Creatures (collateral kills)
  A jumping spider (Spider:2)
  3 redbacks (Spider:2)
4 creatures vanquished.

Vanquished Creatures (others)
  A deep elf master archer (Elf:3)
  A deep elf blademaster (Elf:3)
  A ghost moth (Spider:4)
  An orc warlord (Orc:2)
  An emperor scorpion (Spider:4)
  A deep elf elementalist (Elf:3)
  A deep elf demonologist (Elf:3)
  3 deep elf annihilators (Elf:3)
  A spark wasp (Spider:2)
  2 deep elf high priests (Elf:3)
  A hydra (Lair:6)
  A two-headed ogre (D:14)
  A dancing weapon (Elf:3)
  A death scarab (Gauntlet)
  A deep elf knight (Elf:2)
  A wolf spider (Spider:1)
  2 ugly things (D:15)
  A komodo dragon (Lair:6)
  2 demonic crawlers (Spider:1)
  5 hornets
  A blink frog (Lair:5)
  A spectral black mamba (Gauntlet)
  3 redbacks (Spider:1)
  A shadow (D:14)
  A tarantella (Spider:2)
  2 yaks (Lair:4)
  A hungry ghost (D:10)
  A hell hound (Lair:6)
  2 orc warriors (Orc:2)
  An adder (D:12)
  2 white imps (IceCv)
  3 ufetubi (IceCv)
  2 orcs (Orc:2)
  3 crawling corpses (Elf:3)
  3 demonic plants (Gauntlet)
  2 fungi
  A plant (Lair:6)
  10 starspawn tentacles (Elf:3)
69 creatures vanquished.

Grand Total: 1175 creatures vanquished

Notes
Turn   | Place    | Note
-------+----------+-------------------------------------------
     0 | Abyss:1  | ivs the Vine Stalker Abyssal Knight began the quest for the
                  | Orb.
     0 | Abyss:1  | Reached XP level 1. HP: 11/11 MP: 3/3
    90 | Abyss:1  | Noticed a wretched star
    91 | D:1      | Escaped the Abyss
   238 | D:1      | Reached skill level 2 in Maces & Flails
   307 | D:1      | Reached XP level 2. HP: 10/16 MP: 4/4
   322 | D:1      | Reached * piety under Lugonu
   584 | D:2      | Reached skill level 3 in Maces & Flails
   637 | D:2      | Reached XP level 3. HP: 18/19 MP: 3/5
   883 | D:3      | Reached skill level 4 in Maces & Flails
   883 | D:3      | Gained mutation: Your natural rate of healing is unusually
                  | fast. [Vine Stalker growth]
   883 | D:3      | Reached XP level 4. HP: 12/23 MP: 6/6
  1172 | D:3      | Reached ** piety under Lugonu
  1172 | D:3      | Reached skill level 1 in Throwing
  1182 | D:3      | Reached XP level 5. HP: 25/27 MP: 7/7
  1314 | D:5      | Entered Level 5 of the Dungeon
  1381 | D:5      | Reached XP level 6. HP: 18/32 MP: 7/10
  1483 | D:5      | Noticed Eustachio
  1555 | D:4      | Noticed Sigmund
  1679 | D:4      | Reached skill level 5 in Invocations
  1810 | D:4      | Noticed Menkaure
  1815 | D:4      | Killed Menkaure
  1815 | D:4      | Reached XP level 7. HP: 25/35 MP: 12/12
  1982 | D:4      | Reached skill level 5 in Maces & Flails
  2323 | D:5      | Found an ancient bone altar of Kikubaaqudgha.
  2445 | D:6      | Gained mutation: You have razor-sharp teeth. [Vine Stalker
                  | growth]
  2445 | D:6      | Reached XP level 8. HP: 34/39 MP: 11/13
  2483 | D:6      | Found a glowing drain.
  2501 | D:6      | Reached *** piety under Lugonu
  2510 | Sewer    | Entered a sewer
  2948 | D:6      | Reached skill level 6 in Maces & Flails
  3021 | D:6      | Found a shattered altar of Ashenzari.
  3063 | D:7      | Reached skill level 7 in Maces & Flails
  3205 | D:8      | Reached skill level 1 in Evocations
  3248 | D:7      | Reached XP level 9. HP: 40/45 MP: 14/14
  3352 | D:8      | Noticed Gastronok
  3363 | D:8      | Reached **** piety under Lugonu
  3697 | D:9      | Found a burning altar of Makhleb.
  3701 | D:9      | Found a stormy altar of Qazlal.
  3724 | D:9      | Noticed a two-headed ogre
  3784 | D:9      | Killed a two-headed ogre
  3832 | D:9      | Found a shimmering altar of Xom.
  4002 | D:8      | Found a staircase to the Lair.
  4053 | D:8      | Reached skill level 8 in Maces & Flails
  4130 | D:9      | Reached XP level 10. HP: 46/50 MP: 17/17
  4212 | D:10     | Entered Level 10 of the Dungeon
  4409 | D:10     | Reached skill level 9 in Maces & Flails
  4523 | D:10     | Killed an unseen horror
  4545 | D:10     | Upgraded the game from 0.24-a0-489-g1c7b743a30 to
                  | 0.24-a0-493-g7e4ddcd485
  4641 | D:11     | Reached skill level 10 in Maces & Flails
  4902 | D:10     | Reached ***** piety under Lugonu
  5114 | D:11     | Reached skill level 11 in Maces & Flails
  5152 | D:11     | Killed an unseen horror
  5152 | D:11     | Reached XP level 11. HP: 42/53 MP: 18/18
  5328 | D:12     | Noticed an eight-headed hydra
  5415 | D:11     | Reached skill level 12 in Maces & Flails
  5608 | D:10     | Found a staircase to the Orcish Mines.
  5907 | D:8      | Killed Gastronok
  5932 | Lair:1   | Entered Level 1 of the Lair of Beasts
  6117 | Lair:1   | Noticed a five-headed hydra
  6296 | Lair:2   | Found a hole to the Spider Nest.
  6308 | Lair:2   | Reached skill level 5 in Armour
  6383 | Lair:2   | Reached skill level 5 in Fighting
  6461 | Lair:1   | Killed a five-headed hydra
  6461 | Lair:1   | Gained mutation: You heal very quickly. [Vine Stalker
                  | growth]
  6461 | Lair:1   | Reached XP level 12. HP: 61/61 MP: 19/19
  6577 | Orc:1    | Entered Level 1 of the Orcish Mines
  6583 | Orc:1    | Found Fyhunate's Food Emporium.
  6655 | Orc:1    | Reached skill level 1 in Dodging
  6686 | Orc:1    | Found Nouxu's Assorted Antiques.
  6713 | Orc:1    | Bought a scroll of fog for 64 gold pieces
  6731 | Orc:2    | Entered Level 2 of the Orcish Mines
  6731 | Orc:2    | Found a staircase to the Elven Halls.
  6743 | Orc:2    | Found a roughly hewn altar of Beogh.
  6805 | Orc:2    | Found Uguam's Armour Emporium.
  6807 | Orc:2    | Noticed an ettin
  6866 | D:11     | Noticed Grum
  6895 | D:11     | Killed Grum
  6949 | D:12     | Found Xysmah's Weapon Shoppe.
  6980 | D:12     | Killed an eight-headed hydra
  7249 | D:12     | Reached ****** piety under Lugonu
  7249 | D:12     | Reached skill level 5 in Dodging
  7292 | D:12     | Noticed an eight-headed hydra
  7309 | D:12     | Killed an eight-headed hydra
  7608 | D:13     | Noticed a six-headed hydra
  7624 | D:13     | Killed a six-headed hydra
  7624 | D:13     | Reached skill level 10 in Invocations
  7803 | D:14     | Noticed a death knight
  7837 | D:14     | Killed a death knight
  7883 | D:13     | Noticed a six-headed hydra
  7889 | D:13     | Killed a six-headed hydra
  8116 | D:13     | Reached XP level 13. HP: 68/68 MP: 21/21
  8140 | D:13     | Found a gate to the Vaults.
  8140 | D:13     | Noticed a vault guard
  8140 | D:13     | Noticed a vault guard
  8140 | D:13     | Noticed a vault guard
  8140 | D:13     | Noticed a vault guard
  8140 | D:13     | Noticed a vault guard
  8140 | D:13     | Noticed a vault guard
  8140 | D:13     | Noticed a vault guard
  8168 | D:13     | Killed a vault guard
  8173 | D:13     | Killed a vault guard
  8181 | D:13     | Killed a vault guard
  8191 | D:13     | Killed a vault guard
  8202 | D:13     | Killed a vault guard
  8320 | D:13     | Killed a vault guard
  8342 | D:13     | Killed a vault guard
  8489 | D:14     | Found Taahum's Jewellery Emporium.
  8538 | D:14     | Bought an uncursed ring of poison resistance for 280 gold
                  | pieces
  8538 | D:14     | Bought the ring "Foqitik" {rF+ MR+ SInv} for 484 gold
                  | pieces
  8623 | D:14     | Found Oclazxebb's Book Boutique.
  8745 | D:15     | Entered Level 15 of the Dungeon
  8963 | D:15     | Noticed an ogre mage
  8977 | D:15     | Reached XP level 14. HP: 49/76 MP: 23/23
  8982 | D:15     | Reached skill level 10 in Fighting
  9377 | D:14     | Got a faintly glowing rapier
  9378 | D:14     | Identified the +9 rapier "Kuluec" {chaos, rElec rPois Int+2
                  | Dex-3} (You found it on level 14 of the Dungeon)
  9537 | Orc:1    | Found Raerot's Food Boutique.
  9559 | Orc:1    | Found Kuischaqa's Book Shop.
  9755 | Orc:2    | Found a roughly hewn altar of Beogh.
  9778 | Orc:2    | Found Erphaupuo's Weapon Shop.
 10068 | Orc:2    | Found a roughly hewn altar of Beogh.
 10087 | Orc:2    | Found Gagaqycw's Book Shoppe.
 10145 | Orc:2    | Noticed Saint Roka
 10227 | Orc:2    | Killed Saint Roka
 10537 | Orc:2    | Noticed an orc warlord
 10623 | Orc:2    | Banished an orc warlord
 10836 | Orc:2    | Found Akevo's Antique Weapon Emporium.
 10839 | Orc:2    | Found a roughly hewn altar of Beogh.
 10842 | Orc:2    | Found Jeatib's Antique Armour Shoppe.
 10859 | Orc:2    | Bought a transparent chain mail for 275 gold pieces
 10871 | Orc:2    | Identified the +1 chain mail of the Harvest {Int+3} (You
                  | bought it in a shop on level 2 of the Orcish Mines)
 10882 | Orc:2    | Bought a pair of runed gloves for 217 gold pieces
 10916 | Orc:1    | Identified a +4 great mace of distortion (a +2 great mace
                  | corrupted by Lugonu)
 10916 | Orc:1    | Received a gift from Lugonu
 11155 | Lair:2   | Found a staircase to the Swamp.
 11364 | Lair:4   | Reached skill level 13 in Maces & Flails
 11813 | Lair:5   | Reached XP level 15. HP: 69/81 MP: 24/24
 11889 | Lair:5   | Found a runed translucent door.
 11889 | Lair:5   | Found a viscous altar of Jiyva.
 11889 | Lair:5   | Found a staircase to the Slime Pits.
 11889 | Lair:5   | Noticed an acid blob
 12037 | Lair:5   | Found a gate leading to a gauntlet.
 12049 | Gauntlet | Entered a Gauntlet
 12049 | Gauntlet | Found a transporter.
 12049 | Gauntlet | Found a transporter.
 12053 | Gauntlet | Found a transporter.
 12053 | Gauntlet | Found a transporter.
 12059 | Gauntlet | Found a transporter.
 12079 | Gauntlet | Found a transporter.
 12092 | Gauntlet | Found a transporter.
 12108 | Gauntlet | Got a bound bone amulet
 12116 | Gauntlet | Identified the amulet "Ivigup" {RegenMP rC+ MP+9 Stlth-}
                  | (You found it in a Gauntlet)
 12126 | Gauntlet | Found a transporter.
 12127 | Gauntlet | Found a transporter.
 12135 | Gauntlet | Found a transporter.
 12155 | Gauntlet | Found a transporter.
 12203 | Gauntlet | Got a warped pewter ring
 12243 | Gauntlet | Identified the ring of Mekkav {rPois rF+ rCorr} (You found
                  | it in a Gauntlet)
 12326 | Lair:6   | Entered Level 6 of the Lair of Beasts
 12436 | Lair:6   | Reached skill level 14 in Maces & Flails
 12529 | Lair:6   | Found a large runed translucent door.
 12529 | Lair:6   | Found a large runed translucent door.
 12865 | Lair:3   | Learned a level 1 spell: Apportation
 12997 | Spider:1 | Entered Level 1 of the Spider Nest
 13082 | Spider:1 | Reached skill level 15 in Maces & Flails
 13289 | Spider:2 | Reached skill level 5 in Throwing
 13718 | Spider:1 | Reached XP level 16. HP: 53/86 MP: 25/25
 14099 | Spider:3 | Noticed Arachne
 14117 | Spider:3 | Killed Arachne
 14117 | Spider:3 | Reached skill level 16 in Maces & Flails
 14149 | Spider:4 | Entered Level 4 of the Spider Nest
 14281 | Spider:3 | Found a frozen archway.
 14307 | IceCv    | Entered an ice cave
 14473 | IceCv    | Got a pair of warped boots
 14479 | IceCv    | Identified the +1 pair of boots of the Trout {rPois Slay+2}
                  | (You found it in an ice cave)
 14606 | IceCv    | Noticed an Ice Fiend
 14620 | IceCv    | Killed an Ice Fiend
 14620 | IceCv    | Reached skill level 5 in Evocations
 14657 | IceCv    | Noticed an Ice Fiend
 14682 | IceCv    | Killed an Ice Fiend
 15870 | Spider:4 | Reached skill level 10 in Armour
 16180 | Spider:4 | Reached XP level 17. HP: 90/90 MP: 26/26
 16601 | Spider:4 | Reached skill level 17 in Maces & Flails
 16992 | Spider:4 | Got a gossamer rune of Zot
 17429 | Orc:1    | Bought an ichor-stained chain mail for 304 gold pieces
 17439 | Orc:1    | Identified the cursed +1 chain mail of Time Monsters {rCorr
                  | Dex+2 Stlth+} (You bought it in a shop on level 1 of the
                  | Orcish Mines)
 17475 | Elf:1    | Entered Level 1 of the Elven Halls
 17495 | Elf:1    | Found a radiant altar of Vehumet.
 17662 | Elf:2    | Found Wuhec's Book Shoppe.
 17704 | Elf:2    | Reached skill level 18 in Maces & Flails
 17882 | Elf:3    | Entered Level 3 of the Elven Halls
 18051 | Elf:3    | Noticed Asterion
 18066 | Elf:3    | Killed Asterion
 18587 | Elf:3    | Noticed a deep elf blademaster
 18590 | Elf:3    | Corrupted Elf:3
 18605 | Elf:3    | Killed a deep elf blademaster
 18620 | Elf:3    | Killed a deep elf master archer
 18631 | Elf:3    | Noticed a deep elf blademaster
 18648 | Elf:3    | Killed a deep elf blademaster
 18648 | Elf:3    | Reached XP level 18. HP: 93/95 MP: 27/27
 18713 | Elf:3    | Reached skill level 19 in Maces & Flails
 19165 | Elf:3    | Identified the Handbook of the Zebra
 19213 | Elf:3    | Identified Xyn Syot's Handbook of Displacement
 19305 | Elf:3    | Noticed a deep elf master archer
 19320 | Elf:3    | Killed a deep elf master archer
 19653 | Orc:1    | Bought 2 potions of resistance for 640 gold pieces
 19917 | Swamp:1  | Entered Level 1 of the Swamp
 20093 | Swamp:2  | Noticed Kirke
 20281 | Swamp:2  | Reached skill level 20 in Maces & Flails
 20334 | Swamp:2  | Noticed Frances
 20345 | Swamp:2  | Killed Frances
 20569 | Swamp:4  | Entered Level 4 of the Swamp
 21028 | Swamp:4  | Reached XP level 19. HP: 98/98 MP: 28/28
 21171 | Swamp:4  | Got a warped chain mail
 21172 | Swamp:4  | Identified the +5 chain mail of Tyece {rN+} (You found it
                  | on level 4 of the Swamp)
 21413 | Swamp:4  | Got a decaying rune of Zot
 21493 | Swamp:3  | Noticed Roxanne
 21582 | Swamp:2  | Killed Kirke
 21835 | Slime:1  | Entered Level 1 of the Pits of Slime
 22217 | Slime:3  | Reached skill level 10 in Dodging
 22226 | Slime:5  | Entered Level 5 of the Pits of Slime
 22436 | Slime:5  | Noticed the Royal Jelly
 22452 | Slime:5  | HP: 3/98 [acid[the player character] (2)]
 22452 | Slime:5  | Mangled by the Royal Jelly (illusionary)

Levels and vault maps discovered:
D:1:      dpeg_arrival_radiant, layout_basic
D:2:      layout_loops_ring, first_ration, minmay_goblin_kobold_house
D:3:      layout_basic, st_stairs_14, minmay_ogre_servants
D:4:      layout_loops_ring, minmay_temple_entry_poolview, uniq_sigmund,
          uniq_menkaure
D:5:      layout_basic, grunt_dithmenos_shadows, basic_altar, minivault_26,
          sword_in_stone
D:6:      layout_basic, cheibrodos_sewer_entry_sluice, ashenzari_altar_1,
          uniq_eustachio
D:7:      layout_rooms, good_gods_temple_1
D:8:      layout_loops_ring, lair_entry_dummy, uniq_gastronok
D:9:      layout_stronghold, nicolae_overflow_hidden_temple
D:10:     layout_gridville, orc_0_dummy
D:11:     layout_basic, uniq_grum
D:12:     minmay_the_grid_triangle_9x9_recursive_3_mashed
          [minmay_the_grid_triangle_9x9_skeleton,
          minmay_the_grid_triangle_9x9_dagger,
          minmay_the_grid_triangle_9x9_subtriangle,
          minmay_the_grid_triangle_9x9_prize_top_heavy,
          minmay_the_grid_triangle_9x9_empty,
          minmay_the_grid_triangle_9x9_corrupted_corridor,
          minmay_the_grid_triangle_9x9_cache,
          minmay_the_grid_triangle_9x9_empty,
          minmay_the_grid_triangle_9x9_semitri], layout_stronghold,
          serial_shops, nicolae_shop_crystal
D:13:     layout_stronghold, erik_vaults_2
D:14:     layout_basic, hangedman_decor_lopped, serial_shops,
          nicolae_shop_window_shopping, nicolae_shop_behind_doors,
          nicolae_shop_waterfront, grunt_pizzeria
D:15:     grunt_enter_depths_snipers, layout_long_grid, minmay_misc_feat_roman
Lair:1:   layout_hall_layers, serial_bayou_pond_c,
          eino_small_chamber_without_monster, uniq_joseph
Lair:2:   layout_roguey, minmay_swamp_entry_worms,
          nicolae_spider_entry_non_spiders, serial_bayou_lagoon_b
Lair:3:   layout_layer_cave
Lair:4:   layout_regular_city
Lair:5:   layout_misc_corridors, slime_altar_2, gauntlet_entry_generic
Lair:6:   cheibrodos_lair_end_hotspot, layout_big_grid, basic_altar,
          minmay_lair_oklob_items, infiniplex_staircase_pool_2
Swamp:1:  layout_basic_swamp, evilmike_swamp_ruin_house_4, uniq_jorgrun
Swamp:2:  layout_basic_swamp, infiniplex_staircase_pool, hangedman_swamp_muck,
          uniq_kirke, uniq_frances
Swamp:3:  layout_falls_marsh, evilmike_swamp_ruin_house_1, swamp_pool1,
          uniq_louise, uniq_roxanne
Swamp:4:  swamp_alternative, layout_basic_swamp
Spider:1: layout_spider_delve
Spider:2: layout_spider_delve
Spider:3: layout_spider_delve, portal_ice_cave_entry_frozen_things,
          uniq_arachne, uniq_bai_suzhen
Spider:4: johnstein_spider_rune_arachne_lair
Slime:1:  layout_caves
Slime:2:  layout_caves, nicolae_slime_ancient_tower_intersection
Slime:3:  layout_caves
Slime:4:  layout_caves
Slime:5
Orc:1:    layout_caves, serial_shops, shop, shop, shop,
          nicolae_shop_overgrown_old_shop, mines5_lemuel
Orc:2:    grunt_orc_community_town_hall, layout_caves,
          grunt_orc_community_big_house_2, grunt_orc_community_big_house_1,
          grunt_orc_community_house_1, grunt_orc_community_house_2,
          grunt_orc_community_house_1, grunt_orc_community_house_2,
          grunt_orc_community_house_3, serial_shops, nicolae_shop_behind_doors,
          uniq_saint_roka
Elf:1:    eino_elf_arrival_altar, layout_onion_city, minmay_elf_demonology
Elf:2:    layout_rooms, serial_shops,
          nicolae_shop_temple_entry_statues_fountains, enter_trove_0,
          hangedman_glass_teeth
Elf:3:    elf_hall, layout_onion_city, serial_shops, shop,
          small_statue_intersection, small_statue_intersection, uniq_asterion

Skill      XL: |  1  2  3  4  5  6  7  8  9 10 11 12 13 14 15 16 17 18 19 |
---------------+----------------------------------------------------------+-----
Maces & Flails | 2 3 4 5 7 8 11 12 13 15 16 18 20 | 20.6
Throwing       | 1 3 6 |  6.1
Invocations    | 2 4 6 9 10 11 | 11.1
Fighting       | 4 6 7 9 10 | 10.3
Evocations     | 2 3 6 |  6.0
Armour         | 5 8 10 12 | 12.0
Shields        | 4 |  4.2
Dodging        | 5 8 10 | 10.5

Action                   |  1- 3 |  4- 6 |  7- 9 | 10-12 | 13-15 | 16-18 | 19-21 || total
-------------------------+-------+-------+-------+-------+-------+-------+-------++-------
Melee: Mace              |    82 |    38 |    32 |       |       |       |       ||   152
       Bite              |    17 |    47 |   101 |   269 |   441 |   463 |   158 ||  1496
       Morningstar       |       |   130 |   220 |       |       |       |       ||   350
       Whip              |       |       |   177 |   787 |   753 |       |       ||  1717
       Great mace        |       |       |       |       |   426 |  1191 |   320 ||  1937
Throw: Boomerang         |     6 |       |     6 |    12 |    10 |       |       ||    34
       Dart              |       |    19 |    44 |    51 |   154 |   232 |     3 ||   503
       Throwing net      |       |       |       |     1 |     3 |       |       ||     4
       Javelin           |       |       |       |    22 |       |       |       ||    22
Invok: Depart the Abyss  |     1 |       |       |       |       |       |       ||     1
       Bend Space        |       |     1 |     7 |     5 |    12 |    16 |       ||    41
       Banish            |       |       |       |     1 |    11 |    10 |       ||    22
       Brand Weapon With |       |       |       |       |     1 |       |       ||     1
       Corrupt           |       |       |       |       |       |     1 |       ||     1
Evoke: Wand              |       |       |     4 |    14 |     7 |    15 |       ||    40
       Lightning rod     |       |       |       |       |       |    12 |       ||    12
       Fan of gales      |       |       |       |       |       |     1 |     1 ||     2
       Sack of spiders   |       |       |       |       |       |     1 |       ||     1
       Phantom mirror    |       |       |       |       |       |       |     1 ||     1
  Use: Potion            |     1 |       |     5 |     2 |     8 |     7 |     4 ||    27
       Scroll            |       |       |     9 |     5 |    14 |    16 |     2 ||    46
 Stab: Sleeping          |     4 |       |       |       |       |       |       ||     4
       Invisible         |       |       |     3 |       |       |       |       ||     3
       Held in net/web   |       |       |       |     2 |     5 |       |       ||     7
       Paralysed         |       |       |       |       |     4 |       |       ||     4
       Confused          |       |       |       |       |       |       |     1 ||     1
  Eat: Chunk             |       |     3 |     9 |    13 |    19 |    22 |     3 ||    69
       Ration            |       |       |       |       |     1 |     2 |     1 ||     4
Armor: Leather armour    |    18 |       |       |       |       |       |       ||    18
       Chain mail        |    12 |   103 |    29 |       |       |       |       ||   144
       Plate armour      |       |       |   304 |   266 |   384 |   157 |       ||  1111
       Skin              |       |       |       |    41 |       |       |       ||    41
       Crystal plate arm |       |       |       |       |       |   423 |       ||   423
       Pearl dragon scal |       |       |       |       |       |   322 |   175 ||   497
Dodge: Dodged            |    47 |    62 |    91 |   142 |   344 |   644 |   212 ||  1542
Block: Buckler           |       |       |       |    68 |    77 |       |       ||   145

Table legend:
 A = Non-vault XP
 B = Vault XP
 C = Vault XP percentage of total XP
 D = Non-vault monster count
 E = Vault monster count
 F = Vault count percentage of total count
                 A         B        C        D         E       F
            +---------+---------+-------+---------+---------+-------
      Total |  230707 |  148064 |  39.1 |     807 |     327 |  28.8
            +---------+---------+-------+---------+---------+-------
        D:1 |      25 |       0 |   0.0 |      18 |       0 |   0.0
        D:2 |      45 |       0 |   0.0 |      12 |       0 |   0.0
        D:3 |     267 |       5 |   1.8 |      27 |       2 |   6.9
        D:4 |     421 |     183 |  30.3 |      20 |       1 |   4.8
        D:5 |     189 |       0 |   0.0 |       7 |       0 |   0.0
        D:6 |     613 |      12 |   1.9 |      15 |       3 |  16.7
        D:7 |     452 |       0 |   0.0 |      13 |       0 |   0.0
        D:8 |     866 |    2265 |  72.3 |      16 |       1 |   5.9
        D:9 |    1909 |       0 |   0.0 |      18 |       0 |   0.0
       D:10 |    3206 |       0 |   0.0 |      41 |       0 |   0.0
       D:11 |    2946 |     681 |  18.8 |      24 |       5 |  17.2
       D:12 |    4244 |    2589 |  37.9 |      27 |      11 |  28.9
       D:13 |    5042 |    6762 |  57.3 |      19 |       7 |  26.9
       D:14 |   11096 |     224 |   2.0 |      32 |       1 |   3.0
       D:15 |   10921 |       0 |   0.0 |      26 |       0 |   0.0
     Lair:1 |    3525 |       0 |   0.0 |      13 |       0 |   0.0
     Lair:2 |    4052 |     729 |  15.2 |      15 |       9 |  37.5
     Lair:3 |    1378 |       0 |   0.0 |       6 |       0 |   0.0
     Lair:4 |    2812 |       0 |   0.0 |      15 |       0 |   0.0
     Lair:5 |    4367 |    2636 |  37.6 |      20 |       2 |   9.1
     Lair:6 |    3893 |    8561 |  68.7 |      17 |      28 |  62.2
    Swamp:1 |    9633 |       0 |   0.0 |      16 |       0 |   0.0
    Swamp:2 |    7951 |    5322 |  40.1 |      23 |       9 |  28.1
    Swamp:3 |   11863 |    6541 |  35.5 |      25 |       7 |  21.9
    Swamp:4 |   12642 |   11971 |  48.6 |      28 |      19 |  40.4
   Spider:1 |   22003 |       0 |   0.0 |      73 |       0 |   0.0
   Spider:2 |   12014 |       0 |   0.0 |      41 |       0 |   0.0
   Spider:3 |    3894 |    4058 |  51.0 |      11 |       3 |  21.4
   Spider:4 |   25365 |   28237 |  52.7 |      63 |      54 |  46.2
    Slime:1 |    8648 |       0 |   0.0 |      17 |       0 |   0.0
    Slime:2 |    4714 |       0 |   0.0 |       8 |       0 |   0.0
    Slime:3 |    6517 |       0 |   0.0 |       9 |       0 |   0.0
    Slime:4 |    9304 |    2429 |  20.7 |      13 |       1 |   7.1
    Slime:5 |       0 |    2510 | 100.0 |       0 |       2 | 100.0
      Orc:1 |     769 |    1351 |  63.7 |       6 |      10 |  62.5
      Orc:2 |    4261 |   11772 |  73.4 |      20 |      68 |  77.3
      Elf:1 |    3574 |    4961 |  58.1 |       6 |      10 |  62.5
      Elf:2 |   11806 |       0 |   0.0 |      24 |       0 |   0.0
      Elf:3 |   13480 |   30386 |  69.3 |      23 |      23 |  50.0
      Sewer |       0 |      45 | 100.0 |       0 |      15 | 100.0
      IceCv |       0 |   11186 | 100.0 |       0 |      30 | 100.0
   Gauntlet |       0 |    2648 | 100.0 |       0 |       6 | 100.0
            +---------+---------+-------+---------+---------+-------
